 Dungeon Crawl Stone Soup version 0.19.0-2-gae57169 (webtiles) character file.

2184 vev the Ducker (level 9, -5/55 (57) HPs)
             Began as a Tengu Necromancer on Nov 6, 2016.
             Was a Believer of Yredelemnul.
             Slain by a worker ant (6 damage)
             ... on level 6 of the Dungeon.
             The game lasted 00:19:45 (6387 turns).

vev the Ducker (Tengu Necromancer)                  Turns: 6387, Time: 00:19:46

HP:   -5/55 (57)    AC:  8    Str: 16    XL:     9   Next: 33%
MP:   13/13         EV: 16    Int: 16    God:    Yredelemnul [**....]
Gold: 340           SH:  3    Dex: 20    Spells: 4 memorised, 4 levels left

rFire  + . .     SeeInvis .     x - +4 dire flail (drain)
rCold  + . .     Gourm    .     y - +2 ring mail {rF+}
rNeg   . . .     Faith    .     (shield currently unavailable)
rPois  .         Spirit   .     (helmet restricted)
rElec  .         Reflect  +     e - +0 cloak
rCorr  .         Harm     .     (no gloves)
MR     +....     Rnd*Rage +     (boots unavailable)
Stlth  ++++......               f - +3 amulet of reflection
                                k - +5 ring of dexterity
                                o - ring of protection from cold

@: mighty, hasted, drained, very quick
A: beak, talons 3, camouflage 1, berserk 1, magic resistance 1, able to fly 1
a: Fly, Animate Remains, Recall Undead Slaves, Injury Mirror, Renounce Religion


You were on level 6 of the Dungeon.
You worshipped Yredelemnul.
Yredelemnul was pleased with you.
You were not hungry.

You visited 2 branches of the dungeon, and saw 7 of its levels.

You collected 340 gold pieces.

Inventory:

Hand Weapons
 a - a +0 dagger of venom
 i - a +0 spear
 v - a +3 dagger of draining
 x - a +4 dire flail of draining (weapon)
Armour
 e - a +0 cloak (worn)
 y - a +2 ring mail of fire resistance (worn)
Jewellery
 f - a +3 amulet of reflection (around neck)
 h - an uncursed ring of positive energy
 k - a +5 ring of dexterity (right hand)
 o - a ring of protection from cold (left hand)
Wands
 n - a wand of slowing (10/48)
 E - a wand of random effects (19/48)
Scrolls
 d - 2 scrolls of immolation
 l - a scroll of fog
 p - a scroll of enchant armour
 t - a scroll of enchant weapon
 u - a scroll of teleportation
 w - a scroll of recharging
 B - a scroll of remove curse
 C - 2 scrolls of identify
Potions
 r - 4 potions of flight
 s - a potion of curing {unknown}
 D - a potion of lignification {unknown}
Books
 b - a book of Necromancy

   Spells                             Type                      Level
   a - Pain                           Necromancy                   1
   b - Animate Skeleton               Necromancy                   1
   c - Vampiric Draining              Necromancy                   3
   d - Regeneration                   Charms/Necromancy            3
   e - Animate Dead                   Necromancy                   4
   f - Control Undead                 Necromancy                   4
Comestibles
 c - 5 bread rations
 j - 4 beef jerkies
 q - 2 meat rations
 z - 3 fruits
 A - 2 chunks of flesh


   Skills:
 + Level 7.0(6.8) Fighting
 + Level 7.9(7.7) Dodging
 + Level 7.7(7.5) Stealth
 - Level 2.0(1.8) Spellcasting
 - Level 4.3(4.2) Necromancy


You had 4 spell levels left.
You knew the following spells:

 Your Spells              Type           Power        Failure   Level  Hunger
a - Pain                  Necr           ##..         10%         1    ##.....
d - Vampiric Draining     Necr           ##........   24%         3    ####...
f - Animate Skeleton      Necr           N/A          10%         1    ##.....
r - Regeneration          Chrm/Necr      #.........   54%         3    ####...


Dungeon Overview and Level Annotations

Branches:
Dungeon (6/15)             Temple (1/1) D:4

Altars:
Ashenzari
Cheibriados
Dithmenos
Elyvilon
Fedhas
Gozag
Hepliaklqana
Kikubaaqudgha
Makhleb
Nemelex Xobeh
Okawaru
Ru
Sif Muna
Trog
Uskayaw
Xom
Yredelemnul
Zin

Shops:
D:6 :

Annotations:
D:3 bananaglory's ghost, amateur TeAs


Innate Abilities, Weirdness & Mutations

You have a beak for a mouth.
You have claws for feet.
You can fly.
Your skin changes colour to match your surroundings (Stealth+).
You tend to lose your temper in combat.
You are resistant to hostile enchantments. (MR+)


Message History

The centaur is moderately wounded.
The worker ant bites you! The centaur hits you.
* * * LOW HITPOINT WARNING * * *
The worker ant bites you.
* * * LOW HITPOINT WARNING * * *
The centaur hits you!
* * * LOW HITPOINT WARNING * * *
Unknown command.
You feel very mighty all of a sudden. The worker ant misses you.
The centaur hits you.
* * * LOW HITPOINT WARNING * * *
Some of the chunks of flesh in your inventory have rotted away.
Unknown command.
Unknown command.
Okay, then.
You feel yourself speed up. The centaur hits you!
* * * LOW HITPOINT WARNING * * *
The worker ant bites you.
You die...
Your body rises from the dead as a mindless zombie.

.## ##......###
#.###.........#
##.#.#.####.#.# #####
##.........#.#####.....
###..#.####.#..(.....[..
.....#.# #...........#
###....# #.####%....##
##.###.####.# #(##..#
...# #....#.# #@# ..#
.#.###....#.# #.ac# ..
.##...##..# .......
#.### ..##....##.... #.#
..##.#.# #..._. #.#
..##.#. ..... #.# ..##
#. .... .#. ..# #. ....
# # .##


You could see a centaur and a worker ant.

Vanquished Creatures
  Pikel (D:4)
  Edmund (D:5)
  Duvessa (D:5)
  A necrophage (D:5)
  3 ice beasts
  A slave (D:4)
  An ogre (D:5)
  A centaur (D:5)
  A big kobold (D:5)
  A bullfrog (D:4)
  Dowan (D:5)
  2 scorpions
  2 howler monkeys (D:5)
  A crimson imp (D:5)
  2 bullfrog zombies
  2 bullfrog skeletons
  A hound (D:4)
  2 orc wizards
  A centaur skeleton (D:5)
  2 iguanas
  5 worker ants
  4 gnolls (D:3)
  3 adders
  An ooze (D:1)
  An adder zombie (D:5)
  2 worms
  3 dart slugs
  2 leopard geckos
  13 orcs
  A ball python (D:4)
  A giant cockroach (D:4)
  11 goblins
  10 hobgoblins
  7 jackals
  3 quokkas (D:2)
  7 bats
  2 frilled lizards
  27 kobolds
  A quokka skeleton (D:4)
  A quokka zombie (D:5)
  7 rats
140 creatures vanquished.

Notes
Turn   | Place    | Note
-------+----------+-------------------------------------------
     0 | D:1      | vev the Tengu Necromancer began the quest for the Orb.
     0 | D:1      | Reached XP level 1. HP: 10/10 MP: 4/4
   115 | D:1      | Reached skill level 1 in Fighting
   256 | D:1      | Reached XP level 2. HP: 16/16 MP: 4/6
   600 | D:1      | Reached XP level 3. HP: 17/20 MP: 3/7
  1161 | D:2      | Learned a level 3 spell: Vampiric Draining
  1360 | D:2      | Reached skill level 3 in Dodging
  1471 | D:2      | Found a shimmering altar of Xom.
  1473 | D:2      | Found a snail-covered altar of Cheibriados.
  1473 | D:2      | Found a basalt altar of Yredelemnul.
  1475 | D:2      | Found a shimmering altar of Xom.
  1475 | D:2      | Found a bloodstained altar of Trog.
  1475 | D:2      | Found an opulent altar of Gozag.
  2042 | D:3      | Reached XP level 4. HP: 26/26 MP: 8/8
  2044 | D:3      | Noticed bananaglory's ghost (amateur TeAs)
  2101 | D:3      | Reached skill level 2 in Fighting
  2284 | D:3      | Reached skill level 3 in Stealth
  2550 | D:3      | Gained mutation: You can fly. [Tengu growth]
  2550 | D:3      | Reached XP level 5. HP: 29/31 MP: 9/9
  2654 | D:4      | Reached skill level 4 in Dodging
  2709 | D:4      | Gained mutation: Your skin changes colour to match your surroundings (Stealth+). [potion of mutation]
  2709 | D:4      | Gained mutation: You are resistant to hostile enchantments. (MR+) [potion of mutation]
  2709 | D:4      | Gained mutation: You tend to lose your temper in combat. [potion of mutation]
  2715 | D:4      | Reached skill level 3 in Fighting
  2918 | D:4      | Reached XP level 6. HP: 13/37 MP: 0/10
  3149 | D:4      | Found a staircase to the Ecumenical Temple.
  3156 | D:4      | Reached skill level 4 in Stealth
  3178 | Temple   | Entered the Ecumenical Temple
  3341 | Temple   | Became a worshipper of Yredelemnul the Dark
  3845 | D:4      | Noticed Pikel
  3845 | D:4      | Noticed a slave
  3845 | D:4      | Noticed a slave
  3845 | D:4      | Noticed a slave
  3846 | D:4      | Noticed a slave
  3875 | D:4      | Killed a slave
  3997 | D:4      | Learned a level 1 spell: Animate Skeleton
  4026 | D:4      | Killed Pikel
  4026 | D:4      | Reached skill level 4 in Fighting
  4026 | D:4      | Reached skill level 5 in Dodging
  4026 | D:4      | Reached skill level 5 in Stealth
  4026 | D:4      | Reached XP level 7. HP: 32/44 MP: 7/11
  4026 | D:4      | Reached XP level 8. HP: 35/48 MP: 7/12
  4211 | D:5      | Entered Level 5 of the Dungeon
  4256 | D:5      | Reached skill level 5 in Fighting
  4256 | D:5      | Reached skill level 6 in Dodging
  4258 | D:5      | Reached * piety under Yredelemnul
  4517 | D:5      | Reached skill level 6 in Stealth
  4898 | D:5      | Noticed Duvessa
  4923 | D:5      | Noticed Dowan
  4953 | D:5      | Killed Duvessa
  4959 | D:5      | Killed Dowan
  5092 | D:5      | Reached skill level 6 in Fighting
  5092 | D:5      | Reached skill level 7 in Dodging
  5185 | D:5      | Reached ** piety under Yredelemnul
  5333 | D:5      | Reached skill level 7 in Stealth
  5397 | D:5      | Reached XP level 9. HP: 48/54 MP: 13/13
  5864 | D:6      | Noticed Edmund
  5874 | D:5      | Killed Edmund
  5999 | D:6      | Found an ancient bone altar of Kikubaaqudgha.
  6037 | D:6      | Found Faockimo's Book Shop.
  6165 | D:6      | Learned a level 3 spell: Regeneration
  6250 | D:6      | Reached skill level 7 in Fighting
  6381 | D:6      | Found a shadowy altar of Dithmenos.
  6387 | D:6      | HP: 1/55 [centaur (7)]
  6387 | D:6      | Slain by a worker ant

Skill      XL: |  1  2  3  4  5  6  7  8  9 |
---------------+----------------------------+-----
Fighting       | 1 2 3 4 6 7 |  7.0
Dodging        | 3 4 5 7 |  7.9
Stealth        | 3 5 7 |  7.7
Spellcasting   | |  2.0
Necromancy     | |  4.3

Action                   |  1- 3 |  4- 6 |  7- 9 || total
-------------------------+-------+-------+-------++-------
Melee: Unarmed           |     1 |       |       ||     1
       Spear             |    62 |       |       ||    62
       Kick              |    14 |    28 |    75 ||   117
       Peck              |    12 |    20 |    40 ||    72
       Dagger            |    17 |   118 |   165 ||   300
       Dire flail        |       |       |    32 ||    32
 Cast: Pain              |    25 |     4 |    16 ||    45
       Vampiric Draining |       |     4 |     6 ||    10
       Animate Skeleton  |       |     1 |       ||     1
  Use: Scroll            |     7 |     2 |     2 ||    11
       Potion            |       |     7 |     2 ||     9
 Stab: Sleeping          |     6 |    10 |     6 ||    22
       Distracted        |       |       |     1 ||     1
  Eat: Chunk             |     4 |     5 |     9 ||    18
       Royal jelly       |       |     1 |       ||     1
Armor: Robe              |     8 |    16 |    17 ||    41
       Ring mail         |     1 |     2 |     8 ||    11
Dodge: Dodged            |    40 |    58 |   116 ||   214
Block: Other             |     9 |    13 |    21 ||    43
       Reflection        |       |       |     3 ||     3
